 Dungeon Sprint DCSS version 0.28.0-53-g5a82cb258f (webtiles) character file.

Game seed: 16089119095871114408

2071 Zeld the Fighter (level 9, -9/96 HPs)
             Began as a Minotaur Berserker on June 1, 2022.
             Was a High Priest of Trog.
             Mangled by an unseen horror (10 damage)
             ... in the Dungeon (Sprint IX: "|||||||||||||||||||||||||||||").
             The game lasted 00:00:45 (894 turns).

Zeld the Fighter (Minotaur Berserker)                Turns: 894, Time: 00:00:45

Health: -9/96      AC:  4    Str: 31    XL:     9   Next: 5%
Magic:  8/8        EV: 15    Int:  4    God:    Trog [*****.]
Gold:   0          SH:  0    Dex: 11    Spells: 8/8 levels left

rFire   . . .      SeeInvis .   a - +1 broad axe (vorpal)
rCold   . . .      Faith    .   (no shield)
rNeg    . . .      Spirit   .   b - +0 animal skin
rPois   .          Reflect  .   (helmet restricted)
rElec   .          Harm     .   (no cloak)
rCorr   .          Rampage  .   (no gloves)
Will    .....      NoTele   +   k - +0 pair of boots
Stlth   +.........              (no amulet)
HPRegen 0.26/turn               l - +3 ring of strength
MPRegen 0.11/turn               m - +3 ring of strength

@: on berserk cooldown, slowed, very slow
A: horns 2, retaliatory headbutt
a: Renounce Religion, Berserk, Trog's Hand, Brothers in Arms


You were in the Dungeon.
You worshipped Trog.
Trog was extremely pleased with you.
You visited 1 branch

Inventory:

Hand Weapons
 a - a +1 vorpal broad axe (weapon)
Armour
 b - a +0 animal skin (worn)
 k - a +0 pair of boots (worn)
Jewellery
 l - a +3 ring of strength (left hand)
 m - a +3 ring of strength (right hand)
Wands
 j - a wand of iceblast (10)
Scrolls
 h - 2 scrolls of blinking
Potions
 c - 5 potions of curing
 d - 3 potions of heal wounds
 e - a potion of haste
 f - 4 potions of magic
 g - a potion of berserk rage
 i - a potion of invisibility


   Skills:
 * Level 14.6 Fighting
 * Level 14.4 Axes
 + Level 10.3 Armour
 + Level 9.4 Dodging


You had 8 spell levels left.
You didn't know any spells.
Your spell library was empty.

Dungeon Overview and Level Annotations

Branches:
Dungeon (1/1)

Altars:
Cheibriados
Dithmenos
Elyvilon
Fedhas
Gozag
Hepliaklqana
Kikubaaqudgha
Makhleb
Nemelex Xobeh
Okawaru
Qazlal
Ru
Sif Muna
Trog
Uskayaw
Vehumet
Wu Jian
Xom
Yredelemnul
Zin
The Shining One
Beogh
Jiyva
Lugonu


Innate Abilities, Weirdness & Mutations

You have a pair of horns on your head.
You reflexively headbutt those who attack you in melee.


Message History

You slice the cyan ugly thing!!
The cyan ugly thing is moderately wounded.
The cyan ugly thing pecks you!
* * * LOW HITPOINT WARNING * * *
The cyan ugly thing shocks you!
* * * LOW HITPOINT WARNING * * *
You slice the cyan ugly thing!!
The cyan ugly thing is severely wounded.
Unknown command.
You are too injured to fight recklessly!
You barely miss the cyan ugly thing.
The cyan ugly thing is severely wounded.
The cyan ugly thing barely misses you.
Unknown command.
Unknown command.
You slice the cyan ugly thing!!
You kill the cyan ugly thing!
Trog accepts your kill.
The manticore flicks its tail.
The volley of spikes hits something!
Something hits you.
* * * LOW HITPOINT WARNING * * *
Deactivating autopickup; reactivate with Ctrl-A.
Your Axes skill increases to level 14!
Your Armour skill increases to level 10!
You have reached level 9!
Your experience leads to an increase in your attributes!
Your base attributes are Str 23, Int 4, Dex 11.
Increase (S)trength, (I)ntelligence, or (D)exterity?
You feel stronger. x2
A manticore is nearby!
You miss something. Your headbutt misses something.
Something hits you but does no damage. Something hits you!
* * * LOW HITPOINT WARNING * * *
You miss something. Something hits you!
* * * LOW HITPOINT WARNING * * *
You are too berserk!
You are no longer berserk.
You are exhausted.
You feel yourself slow down. Something hits you!
You die... ▓▓▓▓▓▓▓▓▓▓▓▓▓▓▓▓▓▓▓▓▓▓ +..H†@)†.....)'..[[.)) ▓▓▓▓▓▓▓▓▓▓▓▓▓▓▓▓▓▓▓▓▓▓

You could see a manticore.

Vanquished Creatures
  A two-headed ogre (D)
  2 ugly things (D)
  A shadow (D)
  A wraith (D)
  A sky beast (D)
  A centaur (D)
  2 scorpions (D)
  A killer bee (D)
  A wight (D)
  An orc wizard (D)
  A white imp (D)
  A dart slug (D)
  A giant cockroach (D)
  A goblin (D)
  A ball python zombie (D)
  2 kobolds (D)
  A quokka zombie (D)
20 creatures vanquished.

Notes
Turn   | Place    | Note
-------+----------+-------------------------------------------
     0 | D        | Zeld the Minotaur Berserker began the quest for the Orb.
     0 | D        | Reached XP level 1. HP: 19/19 MP: 0/0
     9 | D        | Reached ** piety under Trog
   218 | D        | Noticed a scorpion
   218 | D        | Noticed a sky beast
   218 | D        | Noticed a scorpion
   225 | D        | Reached XP level 2. HP: 28/28 MP: 1/1
   227 | D        | Killed a scorpion
   227 | D        | Reached *** piety under Trog
   228 | D        | Reached XP level 3. HP: 38/38 MP: 2/2
   228 | D        | Reached XP level 4. HP: 45/45 MP: 3/3
   230 | D        | Killed a sky beast
   231 | D        | Reached skill level 5 in Armour
   231 | D        | Reached skill level 5 in Dodging
   231 | D        | Reached XP level 5. HP: 53/53 MP: 4/4
   308 | D        | Found a snail-covered altar of Cheibriados.
   308 | D        | Found a shadowy altar of Dithmenos.
   308 | D        | Found a white marble altar of Elyvilon.
   308 | D        | Found a blossoming altar of Fedhas.
   308 | D        | Found an opulent altar of Gozag.
   309 | D        | Found a hazy altar of Hepliaklqana.
   310 | D        | Found a viscous altar of Jiyva.
   311 | D        | Found an ancient bone altar of Kikubaaqudgha.
   312 | D        | Found a corrupted altar of Lugonu.
   313 | D        | Found a burning altar of Makhleb.
   314 | D        | Found a sparkling altar of Nemelex Xobeh.
   315 | D        | Found an iron altar of Okawaru.
   316 | D        | Found a stormy altar of Qazlal.
   317 | D        | Found a sacrificial altar of Ru.
   318 | D        | Found a shimmering blue altar of Sif Muna.
   319 | D        | Found a bloodstained altar of Trog.
   320 | D        | Found a hide-covered altar of Uskayaw.
   321 | D        | Found a radiant altar of Vehumet.
   322 | D        | Found an ornate altar of the Wu Jian Council.
   323 | D        | Found a shimmering altar of Xom.
   324 | D        | Found a basalt altar of Yredelemnul.
   325 | D        | Found a glowing silver altar of Zin.
   326 | D        | Found a glowing golden altar of the Shining One.
   647 | D        | Noticed a wraith
   647 | D        | Noticed a shadow
   647 | D        | Noticed a centaur
   649 | D        | Reached **** piety under Trog
   655 | D        | Killed a centaur
   656 | D        | Reached skill level 10 in Fighting
   656 | D        | Reached skill level 10 in Axes
   656 | D        | Reached XP level 6. HP: 66/66 MP: 5/5
   660 | D        | Killed a shadow
   661 | D        | Reached XP level 7. HP: 73/74 MP: 6/6
   663 | D        | Killed a wraith
   663 | D        | Reached ***** piety under Trog
   874 | D        | Noticed a manticore
   874 | D        | Noticed a cyan ugly thing
   874 | D        | Noticed a two-headed ogre
   874 | D        | Noticed a white ugly thing
   879 | D        | Killed a white ugly thing
   880 | D        | Reached XP level 8. HP: 85/85 MP: 7/7
   883 | D        | Killed a two-headed ogre
   891 | D        | Killed a cyan ugly thing
   892 | D        | Reached skill level 10 in Armour
   892 | D        | Reached XP level 9. HP: 15/96 MP: 8/8
   892 | D        | HP: 7/144 [something (8)]
   893 | D        | HP: 1/144 [something (7)]
   894 | D        | Mangled by an unseen horror

Illustrated notes

Levels and vault maps discovered:
D:        linesprint [early_d, line_temple, items_1, d_10, items_2, lair_1,
          lair_end, items_3, orc_1, orc_end, items_4, d_15, swamp_1, shoals_1,
          snake_1, spider_1, d_20, vaults_1, items_5, swamp_end, shoals_end,
          snake_end, spider_end, vaults_end, d_27, items_6, zot_1, zot_end,
          crypt_end, forest_end, elf_end, slime_end, tomb_end, abyss_end,
          pan_hell_end]

Skill      XL: |  1  2  3  4  5  6  7  8 |
---------------+-------------------------+-----
Fighting       | 4 6 8 10 11 12 14 | 14.6
Axes           | 4 6 8 10 11 12 14 | 14.4
Armour         | 3 4 5 6 7 9 10 | 10.3
Dodging        | 3 4 5 6 7 8 9 |  9.4

Action                   |  1- 3 |  4- 6 |  7- 9 || total
-------------------------+-------+-------+-------++-------
Melee: Hand axe          |    18 |     6 |       ||    24
       Headbutt          |     2 |     3 |     4 ||     9
       Broad axe         |       |    10 |    18 ||    28
Invok: Berserk           |     1 |     1 |     1 ||     3
Armor: Animal skin       |     2 |     4 |     2 ||     8
Dodge: Dodged            |     8 |    11 |     6 ||    25
